 Dungeon Crawl Stone Soup version 0.30-a0-1082-g70414cbcbb (webtiles) character file.

Game seed: 16248886157089138601

1431194 Zeldest the Slayer (level 25, 214/214 HPs)
             Began as a Gnoll Reaver on Apr 15, 2023.
             Was a Follower of Uskayaw.
             Escaped with the Orb
             ... and 3 runes!
             The game lasted 04:46:38 (89070 turns).

Zeldest the Slayer (Gnoll Reaver)                  Turns: 89070, Time: 04:46:39

Health: 214/214    AC: 17    Str: 13    XL:     25   Next: 94%
Magic:  33/45      EV: 20    Int: 24    God:    Uskayaw [*.....]
Gold:   4519       SH: 12    Dex: 13    Spells: 1/61 levels left

rFire   + + .      SeeInvis +    r - staff of cold "Raest" {rElec rC+ rN++ Str-3 SInv}
rCold   + + +      Faith    .    Y - +0 buckler of the Earth {Will+}
rNeg    + + .      Spirit   .    H - +2 robe {rC+ rF+}
rPois   .          Reflect  .    n - +2 helmet {Int+3}
rElec   +          Rampage  .    c - scarf "Ithunati" {rC+ rF+, rCorr}
rCorr   +                        W - +0 pair of gloves "Wojeus" {Will+}
Will    ++++.                    R - +2 pair of boots {Fly}
Stlth   +++                      I - amulet of magic regeneration
HPRegen 0.55/turn                M - ring of wizardry
MPRegen 0.69/turn                w - ring of Equorph {rC+ Will+ Str+3}

@: flying, studying 4 skills
A: fangs 1, strong nose, distributed training, iridescent scales 1, large bone
plates 1, evolution 1
0: Orb of Zot
}: 3/15 runes: decaying, serpentine, slimy
a: Renounce Religion, Stomp


You escaped.
You worshipped Uskayaw.
Uskayaw was most pleased with you.
You visited 10 branches of the dungeon, and saw 51 of its levels.
You also visited: Gauntlet and Wizlab.

You collected 7706 gold pieces.
You spent 3187 gold pieces at shops.

Inventory:

Missiles
 b - 22 boomerangs
 x - 2 throwing nets
 C - 9 silver boomerangs
 V - 12 javelins
 Z - 6 silver javelins
Armour
 c - the scarf "Ithunati" (worn) {rC+ rF+, rCorr}
   (You acquired it on level 4 of the Swamp)

   rCorr:     It protects you from acid and corrosion.
 n - a +2 helmet of intelligence (worn)
 H - a +2 robe of resistance (worn)
 R - a +2 pair of boots of flying (worn)
 W - the +0 pair of gloves "Wojeus" (worn) {Will+}
   (You acquired it on level 3 of the Elven Halls)

   Will:      It increases your willpower.
 Y - the +0 buckler of the Earth (worn) {Will+}
   (You found it on level 2 of the Depths)

   Will:      It increases your willpower.
Magical Staves
 o - the staff of air "Xuotil" {Fly rElec rPois Will+}
   (You found it on level 5 of the Pits of Slime)

   [staff of air]

   Base accuracy: +5 Base damage: 5 Base attack delay: 1.2 This weapon's minimum
   attack delay (0.6) is reached at skill level 12.
   rElec:     It insulates you from electricity.
   rPois:     It protects you from poison.
   Fly:       It grants you flight.
   Will:      It increases your willpower.
   It falls into the 'Staves' category.
   It is a one-handed weapon.
 r - the staff of cold "Raest" (weapon) {rElec rC+ rN++ Str-3 SInv}
   (You found it on level 4 of the Vaults)

   [staff of cold]

   Base accuracy: +5 Base damage: 5 Base attack delay: 1.2 This weapon's minimum
   attack delay (0.6) is reached at skill level 12.
   Str:       It affects your strength (-3).
   rC:        It protects you from cold.
   rElec:     It insulates you from electricity.
   rN:        It greatly protects you from negative energy.
   SInv:      It lets you see invisible.
   It falls into the 'Staves' category.
   It is a one-handed weapon.
Jewellery
 f - an amulet of faith
 w - the ring of Equorph (right hand) {rC+ Will+ Str+3}
   (You took it off a spriggan on level 1 of the Swamp)

   [ring of protection from cold]

   Str:       It affects your strength (+3).
   rC:        It protects you from cold.
   Will:      It increases your willpower.
 z - the ring "Tanurafo" {rPois rN+ Int+2}
   (You bought it in a shop on level 1 of the Snake Pit)

   [ring of positive energy]

   Int:       It affects your intelligence (+2).
   rPois:     It protects you from poison.
   rN:        It protects you from negative energy.
 I - an amulet of magic regeneration (around neck)
 M - a ring of wizardry (left hand)
 O - the ring "Bugikhlear" {rElec rF+ EV+5 Str+5 Dex-5}
   (You took it off a deep elf death mage on level 3 of the Elven Halls)

   [ring of evasion]

   EV:        It affects your evasion (+5).
   Str:       It affects your strength (+5).
   Dex:       It affects your dexterity (-5).
   rF:        It protects you from fire.
   rElec:     It insulates you from electricity.
 U - a ring of see invisible
Wands
 p - a wand of roots (54)
 D - a wand of paralysis (20)
 F - a wand of mindburst (46)
 G - a wand of light (8)
 L - a wand of digging (1)
Scrolls
 a - 4 scrolls of enchant armour
 d - 2 scrolls of fog
 g - 6 scrolls of fear
 k - 19 scrolls of teleportation
 l - 2 scrolls of vulnerability
 v - a scroll of butterflies
 N - 3 scrolls of silence
 Q - 2 scrolls of poison
 S - a scroll of amnesia
Potions
 e - 7 potions of curing
 h - 5 potions of attraction
 j - a potion of berserk rage
 q - 3 potions of heal wounds
 s - 10 potions of might
 A - a potion of magic
 B - 2 potions of cancellation
 E - 3 potions of mutation
 J - a potion of resistance
 P - 7 potions of lignification
 T - 4 potions of brilliance
Miscellaneous
 m - a phial of floods


   Skills:
 + Level 21.3 Fighting
 + Level 17.9 Short Blades
 + Level 17.9 Long Blades
 + Level 17.9 Axes
 + Level 18.9 Maces & Flails
 + Level 20.9 Polearms
 + Level 17.9 Staves
 + Level 17.9 Ranged Weapons
 + Level 17.9 Throwing
 + Level 17.9 Armour
 + Level 18.4 Dodging
 + Level 20.9 Stealth
 + Level 17.9 Shields
 + Level 17.9 Unarmed Combat
 + Level 18.5 Spellcasting
 + Level 18.6 Conjurations
 + Level 15.2 Hexes
 + Level 15.2 Summonings
 + Level 15.2 Necromancy
 + Level 15.2 Translocations
 + Level 15.2 Transmutations
 + Level 15.2 Fire Magic
 + Level 15.2 Ice Magic
 + Level 15.2 Air Magic
 + Level 15.2 Earth Magic
 + Level 15.2 Poison Magic
 + Level 19.3 Invocations
 + Level 17.9 Evocations


You had one spell level left.
You knew the following spells:

 Your Spells              Type           Power      Damage    Failure   Level
a - Statue Form           Tmut/Erth      51%        N/A       1%          6
b - Blink                 Tloc           100%       N/A       0%          2
c - Malign Gateway        Summ/Tloc      38%        N/A       1%          7
d - Borgnjor's Vile Clut  Necr/Erth      38%        N/A       1%          5
e - Olgreb's Toxic Radia  Pois           77%        N/A       1%          4
f - Haunt                 Necr/Summ      38%        N/A       1%          7
g - Ignite Poison         Fire/Tmut/Pois 77%        N/A       0%          3
h - Summon Mana Viper     Hex/Summ       77%        N/A       1%          5
i - Storm Form            Tmut/Air       38%        N/A       1%          7
j - Summon Cactus Giant   Summ           38%        N/A       1%          6
k - Apportation           Tloc           100%       N/A       0%          1
l - Irradiate             Conj/Tmut      40%        3d25      1%          5
m - Passwall              Tmut/Erth      64%        N/A       0%          2

Your spell library contained the following spells:

 Spells                   Type           Power      Damage    Failure   Level
 Beastly Appendage        Tmut           100%       N/A       0%          1
 Freeze                   Ice            100%       1d10      0%          1
 Kiss of Death            Conj/Necr      100%       2d13      0%          1
 Necrotise                Necr           100%       1d9       0%          1
 Sandblast                Erth           100%       2d20      0%          1
 Sting                    Tmut/Pois      100%       1d8       0%          1
 Summon Small Mammal      Summ           100%       N/A       0%          1
 Cigotuvi's Dreadful Rot  Necr/Pois/Air  100%       N/A       0%          2
 Lesser Beckoning         Tloc           100%       N/A       0%          2
 Momentum Strike          Conj/Tloc      100%       3d10      0%          2
 Poisonous Vapours        Pois/Air       100%       N/A       0%          2
 Scorch                   Fire           100%       2d9       0%          2
 Wereblood                Tmut           77%        N/A       0%          2
 Call Canine Familiar     Summ           77%        N/A       0%          3
 Confusing Touch          Hex            77%        N/A       0%          3
 Frozen Ramparts          Ice            100%       1d16      0%          3
 Gell's Gravitas          Tloc           77%        N/A       0%          3
 Hailstorm                Conj/Ice       100%       3d20      0%          3
 Inner Flame              Hex/Fire       77%        N/A       0%          3
 Mephitic Cloud           Conj/Pois/Air  79%        N/A       0%          3
 Ozocubu's Armour         Ice            97%        N/A       0%          3
 Portal Projectile        Hex/Tloc       100%       N/A       0%          3
 Spider Form              Tmut/Pois      77%        N/A       0%          3
 Stone Arrow              Conj/Erth      100%       3d13      0%          3
 Teleport Other           Tloc           77%        N/A       0%          3
 Tukima's Dance           Hex            77%        N/A       0%          3
 Vampiric Draining        Necr           77%        2d11      0%          3
 Vhi's Electric Charge    Tloc/Air       100%       N/A       0%          3
 Flame Wave               Conj/Fire      80%        2d17      0%          4
 Iskenderun's Mystic Bla  Conj/Tloc      80%        2d16      0%          4
 Anguish                  Hex/Necr       38%        N/A       1%          4
 Animate Dead             Necr           77%        N/A       1%          4
 Dispel Undead            Necr           77%        3d25      1%          4
 Ice Form                 Ice/Tmut       97%        N/A       1%          4
 Leda's Liquefaction      Hex/Erth       38%        N/A       1%          4
 Passage of Golubria      Tloc           77%        N/A       1%          4
 Petrify                  Tmut/Erth      77%        N/A       1%          4
 Summon Ice Beast         Ice/Summ       97%        N/A       1%          4
 Agony                    Necr           77%        N/A       1%          5
 Arcjolt                  Conj/Air       40%        1d50      1%          5
 Fireball                 Conj/Fire      40%        3d16      1%          5
 Freezing Cloud           Conj/Ice/Air   50%        6-21      1%          5
 Iskenderun's Battlesphe  Conj           84%        2d13      1%          5
 Metabolic Englaciation   Hex/Ice        48%        N/A       1%          5
 Silence                  Hex/Air        38%        N/A       1%          5
 Summon Forest            Summ/Tloc      38%        N/A       1%          5
 Yara's Violent Unravell  Hex/Tmut       38%        3d15      1%          5
 Conjure Ball Lightning   Conj/Air       40%        3x3d13    1%          6
 Dispersal                Tloc           38%        N/A       1%          6
 Simulacrum               Ice/Necr       48%        N/A       1%          6
 Enfeeble                 Hex            38%        N/A       1%          7
 Monstrous Menagerie      Summ           38%        N/A       1%          7
 Orb of Destruction       Conj           42%        9d12      1%          7
 Ozocubu's Refrigeration  Ice            48%        4d18      1%          7
 Borgnjor's Revivificati  Necr           38%        N/A       12%         8
 Disjunction              Tloc           38%        N/A       12%         8
 Infestation              Necr           38%        N/A       12%         8
 Maxwell's Capacitive Co  Air            38%        ∞         12%         8
 Necromutation            Tmut/Necr      38%        N/A       12%         8
 Summon Horrible Things   Summ           38%        N/A       12%         8


Dungeon Overview and Level Annotations

Branches:
Dungeon (15/15)            Temple (0/1) D:7            Lair (5/5) D:11
  Swamp (4/4) Lair:3        Snake (4/4) Lair:3        Slime (5/5) Lair:4
    Orc (2/2) D:10            Elf (3/3) Orc:2        Vaults (4/5) D:13
  Crypt (0/3) Vaults:3     Depths (4/4) D:15            Zot (5/5) Depths:4
 WizLab (visited)         Gauntlet (visited)

Altars:
Ashenzari
Dithmenos
Kikubaaqudgha
Sif Muna
Trog
Uskayaw
Vehumet

Shops:
D:5 !*?   Orc:2 (:(*[   Elf:1 *   Snake:1 =   Snake:4 :   Vaults:3 [?!:

Portals:
Hell: Depths:1 Depths:2 Depths:3 Depths:4
Abyss: Depths:3
Pandemonium: Depths:2 Depths:3 Depths:4
Ziggurat: Depths:4
Trove: Vaults:1 (give +5 demon whip)

Annotations:
D:9 exclusion: vampire
Elf:2 3 runed translucent doors
Vaults:1 36 runed doors
Vaults:3 exclusion: 2 doors
Depths:2 3 runed translucent doors, Futuid's ghost, veteran MfSu


Innate Abilities, Weirdness & Mutations

You have very sharp teeth.
Your uncanny sense of smell can sniff out nearby items.
Your experience applies equally to all skills.
You are partially covered in iridescent scales. (AC +2)
You are partially covered in large bone plates. (SH +4)
You have hidden genetic potential.


Message History

Your freezing wraith hits the Brimstone Fiend!
Your freezing wraith freezes the Brimstone Fiend!!
The Brimstone Fiend is frozen!
Your freezing wraith hits the Brimstone Fiend.
Your freezing wraith drains the Brimstone Fiend's vigour!
The Brimstone Fiend seems to slow down.
Aiming: Borgnjor's Vile Clutch (safe; 1% risk of failure)
Press: ? - help, Q - select action, (/) - cycle Shift-Dir - straight line, f - you, p - Brimstone Fiend
Okay, then.
Your freezing wraith disappears in a puff of smoke!
Your wraith disappears in a puff of smoke!
The Brimstone Fiend hits your freezing wraith!
The Brimstone Fiend hits your freezing wraith. x2
Your wraith hits the Brimstone Fiend but does no damage.
Your wraith hits the Brimstone Fiend.
Your wraith drains the Brimstone Fiend's vigour!
The Brimstone Fiend seems to slow down.
Your freezing wraith hits the Brimstone Fiend but does no damage. x2
Aiming: Borgnjor's Vile Clutch (safe; 1% risk of failure)
Press: ? - help, Q - select action, (/) - cycle Shift-Dir - straight line, f/p - Brimstone Fiend
Aim: a Brimstone Fiend (heavily wounded, not watching you, slow, ally target, 100% to hit)
Your freezing wraith is unaffected.
Zombie hands grab the Brimstone Fiend.
The zombie hands constrict the Brimstone Fiend.
Your freezing wraith hits the Brimstone Fiend!
Your freezing wraith freezes the Brimstone Fiend!
The Brimstone Fiend is frozen!
Your freezing wraith hits the Brimstone Fiend.
Your wraith hits the Brimstone Fiend but does no damage.
Your wraith hits the Brimstone Fiend!
The zombie hands constrict the Brimstone Fiend!
You kill the Brimstone Fiend!
You swap places.
You swap places.
Your freezing wraith disappears in a puff of smoke!
Your wraith disappears in a puff of smoke!
Your freezing wraith disappears in a puff of smoke!
There is a staircase leading out of the dungeon here.
HP restored.
You have escaped!

#.# #.# ###.## #.#
#....# #.# #.#.## #.#
#.### #.# #.# #.# #.#
#.# #.# #.# ######
#.# #.###W@..# #.#
##.##.....## #.#
#..#.#8~8#.# #.#
#.##.#≈≈≈#.# #.#
#.##..8≈8#.# ##.#
#.##.#≈≈≈#.#
##.#######.#..#8≈8#.#
.#.##.......##.....##
#......#########.###


You could see a friendly wraith (summoned).

Vanquished Creatures
  3 dread liches (Zot:5)
  4 ancient liches (Zot:5)
  2 orbs of fire (Zot:5)
  Josephina (Depths:2)
  Vv (Depths:3)
  A Killer Klown (Zot:5)
  Margery (Vaults:3)
  Bai Suzhen (Depths:2)
  2 golden dragons
  A Brimstone Fiend (D:1)
  17 Orb Guardians (Zot:5)
  2 titans (Vaults:4)
  2 deep elf master archers (Elf:3)
  A walking frostbound tome (Depths:4)
  A death cob (Zot:5)
  8 acid blobs
  Gastronok (D:9)
  Agnes (Snake:1)
  2 tengu reavers
  A thorn hunter (Swamp:4)
  3 storm dragons
  4 draconian monks
  4 shadow dragons
  4 azure jellies
  3 fire giants
  2 nagarajas
  3 frost giants
  5 vault wardens
  A draconian knight (Zot:5)
  3 deep elf sorcerers
  An iron dragon (Depths:2)
  4 rockslimes
  An angel (D:15)
  A cacodemon (Depths:3)
  A juggernaut zombie (Depths:3)
  4 draconian scorchers
  A deep elf elementalist (Elf:3)
  2 spriggan defenders
  3 draconian shifters
  13 ironbound preservers
  2 draconian annihilators
  A reaper (D:2)
  3 orc warlords
  6 quicksilver oozes
  4 stone giants
  2 vampire knights
  2 war gargoyles
  5 deep elf annihilators
  5 ironbound thunderhulks
  26 very ugly things
  7 black draconians
  2 green draconians
  3 dire elephants (Vaults:3)
  A minotaur (Gauntlet)
  7 purple draconians
  2 bunyips
  4 yellow draconians
  3 spark wasps (Depths:4)
  A spark wasp (shapeshifter) (Depths:4)
  7 white draconians
  8 ettins
  3 red draconians (Zot:5)
  3 deep elf death magi (Elf:3)
  2 jiangshi (Depths:4)
  4 yaktaur captains
  An entropy weaver (Vaults:4)
  6 deep elf high priests
  A fire dragon (Depths:4)
  12 vault guards
  3 great orbs of eyes
  A catoblepas (D:14)
  2 peacekeepers (Vaults:3)
  An ice dragon (Depths:3)
  A ghost crab (Swamp:3)
  2 salamander tyrants
  An ogre mage (D:15)
  3 spriggan air magi
  10 hydras
  3 boulder beetles
  4 anacondas
  5 dancing weapons
  18 centaur warriors
  5 ironbound frosthearts
  4 naga warriors
  8 two-headed ogres
  4 tengu warriors
  A deep troll shaman (Depths:1)
  3 alligators
  5 vampire magi (Depths:1)
  2 hell hogs (D:13)
  10 spriggan berserkers
  4 deep troll earth magi
  23 spriggans
  3 death yaks (Lair:2)
  2 naga sharpshooters
  9 hell knights
  2 soul eaters
  2 orc high priests
  Urug (D:12)
  10 deep elf knights
  4 shock serpents
  2 iron trolls
  A sixfirhy (Depths:2)
  A goliath frog (Swamp:2)
  15 nameless horrors
  48 deep trolls
  A death drake (Swamp:4)
  Lodul (D:11)
  2 sea snakes (Snake:4)
  A skeletal warrior (Depths:3)
  3 naga ritualists
  A bog body (Lair:2)
  8 deep elf archers
  2 swamp dragons (Swamp:4)
  2 spriggan druids (Swamp:1)
  A phantasmal warrior (Vaults:4)
  9 ironbound convokers
  20 deep elf pyromancers
  9 necromancers
  7 orc knights
  A lindwurm (Vaults:2)
  30 ugly things
  A mana viper (Snake:2)
  10 deep elf zephyrmancers
  4 oklob plants
  A will-o-the-wisp (Swamp:4)
  2 manticores (D:11)
  4 orc sorcerers
  A wolf spider (Orc:1)
  3 salamanders
  A cyclops (D:15)
  2 shining eyes
  Joseph (D:7)
  Maurice (Orc:2)
  3 moths of wrath (Zot:5)
  10 elephants
  A frost giant skeleton (Depths:3)
  A guardian serpent (Snake:4)
  An orange demon (Depths:2)
  3 rust devils
  8 vault sentinels
  13 black mambas
  6 naga magi
  2 molten gargoyles (Lair:4)
  An eye of devastation (Vaults:4)
  8 komodo dragons
  7 cane toads
  A storm dragon simulacrum (Depths:2)
  A torpor snail (Lair:2)
  2 rime drakes
  Psyche (D:11)
  A tormentor (Depths:4)
  3 ice devils
  17 yaktaurs
  A freezing wraith (D:12)
  A spark wasp simulacrum (Depths:2)
  3 tengu conjurers
  A yaktaur skeleton (Vaults:1)
  A tengu simulacrum (Depths:2)
  3 trolls
  2 hellwings
  14 hornets
  3 meliai (D:15)
  4 tyrant leeches
  5 polar bears
  A queen bee (shapeshifter) (D:13)
  A tarantella (Orc:1)
  9 blink frogs (Lair:3)
  2 stone giant simulacra
  2 dream sheep (Lair:5)
  75 slime creatures
  A centaur simulacrum (D:10)
  A water elemental (Depths:4)
  An air elemental (Elf:1)
  A shadow (D:9)
  4 wraiths
  6 golden eyes (Slime:1)
  2 basilisks
  47 yaks
  2 hogs (Elf:1)
  A golden eye (shapeshifter) (D:14)
  2 neqoxecs
  3 redbacks
  2 vampire mosquitoes
  A harpy simulacrum (Lair:2)
  A warg (Orc:2)
  7 swamp worms
  12 nagas
  An ogre zombie (Vaults:1)
  2 acid dragons
  11 water moccasins
  A floating eye (Vaults:4)
  A large abomination (Gauntlet)
  39 orc warriors
  3 swamp drakes (Swamp:4)
  2 ice beasts
  2 black bears
  2 sky beasts
  2 human zombies
  30 wolves
  A human skeleton (Vaults:2)
  3 boggarts (Lair:5)
  14 ogres
  12 centaurs
  6 phantoms
  Blork the orc (D:6)
  16 bullfrogs
  2 kobold brigands (D:9)
  4 scorpions
  A wyvern zombie (D:6)
  A water moccasin zombie (D:6)
  A cane toad simulacrum (Lair:2)
  A two-headed ogre simulacrum (Lair:2)
  2 small abominations (Gauntlet)
  10 wights
  A water moccasin skeleton (D:6)
  6 killer bees
  5 electric eels
  9 howler monkeys
  8 lava snakes
  4 bullfrog zombies (D:6)
  3 centaur zombies (D:6)
  5 hounds
  3 jellies
  4 bullfrog skeletons (D:6)
  A gnoll bouda (D:5)
  12 orc priests
  A centaur skeleton (D:6)
  4 iguanas
  A sleepcap (D:5)
  21 orc wizards
  6 hell rats (Lair:5)
  2 spriggan simulacra (Lair:2)
  A killer bee zombie (D:6)
  Robin (D:2)
  11 gnolls
  6 adders
  A shadow imp (D:5)
  4 white imps
  An ufetubus (D:10)
  A worm (D:3)
  3 dart slugs
  90 orcs
  7 endoplasms
  8 hobgoblins
  8 jackals
  3 quokkas
  10 ball pythons
  5 bats
  4 frilled lizards
  9 goblins
  19 kobolds
  4 rats
  A butterfly (Lair:4)
1377 creatures vanquished.

Vanquished Creatures (collateral kills)
  the Royal Jelly (Slime:5)
  2 ancient liches (Zot:5)
  3 orbs of fire (Zot:5)
  2 Killer Klowns (Zot:5)
  Frederick (Vaults:3)
  A curse toe (Zot:5)
  3 golden dragons
  2 Tzitzimimeh (Depths:3)
  An electric golem (Zot:5)
  A hellephant (D:13)
  5 tentacled monstrosities
  9 Orb Guardians
  A deep elf blademaster (Elf:3)
  15 acid blobs
  An eldritch tentacle (Zot:5)
  2 deep elf master archers (Elf:3)
  A death cob (Depths:4)
  2 tengu reavers
  2 sphinxes
  A thorn hunter (Swamp:4)
  8 storm dragons
  Kirke (Elf:1)
  2 shadow dragons
  Frances (Swamp:1)
  2 draconian monks
  2 rockslimes (Slime:5)
  A fenstrider witch (Swamp:3)
  6 azure jellies
  A draconian knight (Zot:5)
  2 draconian scorchers (Zot:5)
  6 nagarajas
  5 frost giants
  2 vault wardens (Vaults:2)
  6 deep elf sorcerers (Elf:3)
  Aizul (Vaults:3)
  2 draconian shifters (Zot:5)
  Louise (Depths:3)
  2 deep elf elementalists (Elf:3)
  4 very ugly things
  6 ironbound preservers
  An ironbound thunderhulk (Vaults:4)
  3 war gargoyles (Vaults:3)
  5 stone giants
  3 quicksilver oozes
  5 deep elf demonologists
  A black draconian (Depths:4)
  A bunyip (Swamp:4)
  A dire elephant (Vaults:3)
  An eleionoma (Swamp:3)
  4 deep elf annihilators (Elf:3)
  An eleionoma (shapeshifter) (Vaults:4)
  2 purple draconians
  2 yellow draconians
  2 green draconians (Zot:5)
  A white draconian (Zot:5)
  4 ettins
  A merfolk impaler (Depths:3)
  6 deep elf death magi
  A yaktaur captain (Vaults:2)
  4 fire dragons
  5 ice dragons
  3 deep elf high priests (Elf:3)
  A spriggan air mage (Swamp:4)
  2 vault guards (Vaults:4)
  4 great orbs of eyes
  2 rakshasas
  10 hydras
  2 ghost crabs (Swamp:3)
  2 peacekeepers
  7 anacondas
  A centaur warrior (D:15)
  A two-headed ogre (D:12)
  3 ironbound frosthearts
  10 naga warriors
  7 dancing weapons
  5 alligators
  A hell hog (D:13)
  3 vampire magi
  A thrashing horror (Gauntlet)
  6 shock serpents
  8 naga sharpshooters
  2 hell knights
  A soul eater (Depths:2)
  2 deep elf knights
  A skeletal warrior (Depths:3)
  A sixfirhy (Depths:2)
  2 salamander mystics
  2 iron trolls (Depths:1)
  4 goliath frogs
  A nameless horror (Elf:3)
  A death drake (Swamp:4)
  30 slime creatures
  2 bog bodies
  A spriggan druid (Swamp:1)
  A sea snake (Snake:4)
  5 swamp dragons (Swamp:4)
  3 naga ritualists
  5 deep trolls
  3 deep elf archers
  2 ironbound convokers (Vaults:2)
  2 phantasmal warriors (Vaults:4)
  A wolf spider zombie (D:13)
  2 wizards
  A large abomination (Elf:1)
  An orc knight (Vaults:1)
  An iron dragon zombie (Depths:3)
  An orc sorcerer (Elf:1)
  8 deep elf pyromancers
  11 deep elf zephyrmancers
  2 oklob plants (Lair:4)
  A mana viper (shapeshifter) (Depths:2)
  A necromancer (Elf:1)
  A cyclops (D:13)
  6 ugly things
  10 salamanders
  2 will-o-the-wisps
  A manticore (shapeshifter) (Depths:4)
  3 shining eyes (Slime:5)
  3 mana vipers
  4 moths of wrath
  3 vault sentinels
  7 guardian serpents
  4 smoke demons
  3 eyes of devastation
  A water nymph (shapeshifter) (D:13)
  13 black mambas
  8 cane toads
  12 naga magi
  A centaur skeleton (D:13)
  A tormentor (Depths:2)
  A tengu conjurer (D:13)
  An ice devil (Depths:2)
  A freezing wraith (Vaults:4)
  A yaktaur (Vaults:2)
  A harpy skeleton (D:13)
  A bloated husk (Swamp:3)
  2 trolls (D:13)
  A polar bear (Lair:5)
  A wolf spider simulacrum (D:13)
  A wind drake (shapeshifter) (D:15)
  6 hornets
  3 tyrant leeches
  8 spriggans
  6 water elementals
  2 air elementals
  2 wyverns
  2 vampires
  A ynoxinul (Depths:2)
  4 hogs (Elf:1)
  A wraith (D:13)
  A basilisk (Lair:5)
  2 yaks
  2 neqoxecs
  A yaktaur simulacrum (Vaults:4)
  A fire elemental (Elf:1)
  5 vampire mosquitoes
  A chaos spawn (Gauntlet)
  20 nagas
  10 swamp worms
  A water moccasin (Lair:5)
  6 small abominations (Gauntlet)
  An acid dragon (D:12)
  2 black bears (Lair:5)
  A floating eye (shapeshifter) (Vaults:4)
  2 orc warriors (Elf:1)
  4 swamp drakes (Swamp:4)
  2 wolves (Lair:5)
  A centaur (D:13)
  5 elf zombies (Elf:1)
  4 earth elementals
  A hell rat (Lair:5)
  A boggart skeleton (D:13)
  An orc (Elf:1)
555 creatures vanquished.

Vanquished Creatures (others)
  29 eldritch tentacles
  A jiangshi (Depths:4)
  An alligator (Swamp:3)
  A deep elf knight (Elf:1)
  A spriggan simulacrum (Depths:2)
  4 bloated husks
  A chaos spawn (Zot:5)
  A white imp (Vaults:4)
  13 foxfires
  26 fungi
  69 plants
  3 withered plants (D:6)
150 creatures vanquished.

Grand Total: 2082 creatures vanquished

Notes
Turn   | Place    | Note
-------+----------+-------------------------------------------
     0 | D:1      | Zeldest the Gnoll Reaver began the quest for the Orb.
     0 | D:1      | Reached XP level 1. HP: 20/20 MP: 6/6
   182 | D:1      | Reached XP level 2. HP: 22/26 MP: 7/7
   196 | D:1      | Learned a level 2 spell: Momentum Strike
   704 | D:1      | Reached skill level 5 in Spellcasting
   704 | D:1      | Reached XP level 3. HP: 31/31 MP: 7/9
  1040 | D:2      | Reached skill level 1 in Invocations
  1065 | D:2      | Noticed Robin
  1090 | D:2      | Killed Robin
  1091 | D:2      | Reached skill level 1 in Short Blades
  1091 | D:2      | Reached skill level 1 in Long Blades
  1091 | D:2      | Reached skill level 1 in Axes
  1091 | D:2      | Reached skill level 1 in Polearms
  1091 | D:2      | Reached skill level 1 in Staves
  1091 | D:2      | Reached skill level 1 in Ranged Weapons
  1091 | D:2      | Reached skill level 1 in Throwing
  1091 | D:2      | Reached skill level 1 in Armour
  1091 | D:2      | Reached skill level 1 in Stealth
  1091 | D:2      | Reached skill level 1 in Shields
  1091 | D:2      | Reached skill level 1 in Unarmed Combat
  1091 | D:2      | Reached skill level 1 in Evocations
  1124 | D:2      | Reached XP level 4. HP: 38/38 MP: 11/11
  1195 | D:2      | Learned a level 3 spell: Stone Arrow
  1248 | D:2      | Found a faded altar of an unknown god.
  1248 | D:2      | Noticed a floating eye
  1268 | D:2      | Noticed an eye of devastation
  1268 | D:2      | Noticed a floating eye
  1268 | D:2      | Noticed a floating eye
  1273 | D:2      | Prayed at the altar of an unknown god.
  1273 | D:2      | Became a worshipper of Uskayaw the Reveller
  1273 | D:2      | Reached * piety under Uskayaw
  1313 | D:2      | Reached ** piety under Uskayaw
  1315 | D:2      | Reached skill level 1 in Hexes
  1315 | D:2      | Reached skill level 1 in Summonings
  1315 | D:2      | Reached skill level 1 in Necromancy
  1315 | D:2      | Reached skill level 1 in Translocations
  1315 | D:2      | Reached skill level 1 in Transmutations
  1315 | D:2      | Reached skill level 1 in Fire Magic
  1315 | D:2      | Reached skill level 1 in Ice Magic
  1315 | D:2      | Reached skill level 1 in Air Magic
  1315 | D:2      | Reached skill level 1 in Earth Magic
  1315 | D:2      | Reached skill level 1 in Poison Magic
  1470 | D:2      | Found a radiant altar of Vehumet.
  1799 | D:3      | Reached XP level 5. HP: 43/43 MP: 6/12
  3237 | D:4      | Reached XP level 6. HP: 48/50 MP: 14/14
  3243 | D:4      | Reached *** piety under Uskayaw
  3277 | D:4      | Noticed a black bear
  3291 | D:4      | Killed a black bear
  3292 | D:4      | Reached skill level 5 in Fighting
  3292 | D:4      | Reached skill level 5 in Dodging
  3657 | D:4      | Noticed an orc warrior
  3659 | D:4      | Reached XP level 7. HP: 56/56 MP: 15/15
  4281 | D:5      | Entered Level 5 of the Dungeon
  4540 | D:5      | Reached **** piety under Uskayaw
  4656 | D:5      | Reached XP level 8. HP: 48/63 MP: 1/16
  4890 | D:5      | Found Ylujee's Assorted Antiques.
  4922 | D:5      | Found Wiateti's Magic Scroll Shoppe.
  4928 | D:5      | Bought a scroll of blinking for 97 gold pieces
  5205 | D:5      | Identified the +0 ring mail of Pandemonium {Will+ Str+3}
  5295 | D:5      | Found Butolidgh's Weapon Shop.
  5440 | D:5      | Found Jaij's Distillery.
  5443 | D:5      | Bought a potion of curing for 33 gold pieces
  6282 | D:6      | Reached skill level 6 in Fighting
  6406 | D:6      | Reached XP level 9. HP: 67/69 MP: 18/18
  6978 | D:6      | Learned a level 3 spell: Frozen Ramparts
  7177 | D:6      | Noticed Blork the orc
  7193 | D:6      | Killed Blork the orc
  7650 | D:7      | Noticed Joseph
  7657 | D:7      | Killed Joseph
  7658 | D:7      | Reached skill level 5 in Invocations
  7679 | D:7      | Found a bloodstained altar of Trog.
  8140 | D:7      | Reached skill level 5 in Short Blades
  8140 | D:7      | Reached skill level 5 in Long Blades
  8140 | D:7      | Reached skill level 5 in Axes
  8140 | D:7      | Reached skill level 5 in Polearms
  8140 | D:7      | Reached skill level 5 in Staves
  8140 | D:7      | Reached skill level 5 in Ranged Weapons
  8140 | D:7      | Reached skill level 5 in Throwing
  8140 | D:7      | Reached skill level 5 in Armour
  8140 | D:7      | Reached skill level 5 in Stealth
  8140 | D:7      | Reached skill level 5 in Shields
  8140 | D:7      | Reached skill level 5 in Unarmed Combat
  8140 | D:7      | Reached skill level 5 in Evocations
  8140 | D:7      | Reached XP level 10. HP: 77/77 MP: 13/20
  8825 | D:7      | Reached skill level 7 in Fighting
  9147 | D:7      | Found a staircase to the Ecumenical Temple.
  9444 | D:8      | Reached ***** piety under Uskayaw
  9865 | D:8      | Reached ****** piety under Uskayaw
 10423 | D:9      | Noticed Gastronok
 10434 | D:9      | Killed Gastronok
 10820 | D:9      | Reached skill level 5 in Hexes
 10820 | D:9      | Reached skill level 5 in Summonings
 10820 | D:9      | Reached skill level 5 in Necromancy
 10820 | D:9      | Reached skill level 5 in Translocations
 10820 | D:9      | Reached skill level 5 in Transmutations
 10820 | D:9      | Reached skill level 5 in Fire Magic
 10820 | D:9      | Reached skill level 5 in Ice Magic
 10820 | D:9      | Reached skill level 5 in Air Magic
 10820 | D:9      | Reached skill level 5 in Earth Magic
 10820 | D:9      | Reached skill level 5 in Poison Magic
 10843 | D:9      | Reached XP level 11. HP: 64/85 MP: 4/22
 11712 | D:9      | Learned a level 5 spell: Freezing Cloud
 11713 | D:10     | Entered Level 10 of the Dungeon
 11770 | D:10     | Reached skill level 8 in Fighting
 11939 | D:10     | Learned a level 4 spell: Olgreb's Toxic Radiance
 11943 | D:10     | Learned a level 3 spell: Ignite Poison
 12244 | D:10     | Noticed a two-headed ogre
 12258 | D:10     | Killed a two-headed ogre
 13035 | D:10     | Found a staircase to the Orcish Mines.
 13349 | Orc:1    | Entered Level 1 of the Orcish Mines
 13642 | Orc:1    | Noticed an orc sorcerer
 13651 | Orc:1    | Paralysed by an orc sorcerer for 2 turns
 13654 | Orc:1    | Killed an orc sorcerer
 13881 | Orc:1    | Noticed an orc knight
 13881 | Orc:1    | Noticed an orc knight
 13898 | Orc:1    | Noticed an orc warlord
 14182 | Orc:1    | Killed an orc knight
 14183 | Orc:1    | Reached XP level 12. HP: 94/94 MP: 8/24
 14428 | Orc:1    | Killed an orc warlord
 14652 | Orc:1    | You fall into a shaft and drop 1 floor!
 14652 | Orc:2    | Entered Level 2 of the Orcish Mines
 14652 | Orc:2    | Found a staircase to the Elven Halls.
 14802 | Orc:1    | Reached skill level 10 in Maces & Flails
 15489 | Orc:2    | Paralysed by an orc sorcerer for 3 turns
 15498 | Orc:2    | Reached skill level 9 in Fighting
 15588 | Orc:2    | Noticed a sun demon
 15591 | Orc:2    | Noticed an orc warlord
 16100 | Orc:2    | Noticed an orc high priest
 16128 | Orc:2    | Killed an orc high priest
 16486 | Orc:2    | Killed an orc warlord
 16651 | Orc:2    | Found Goymy's Antique Weapon Emporium.
 16715 | Orc:2    | Found Ogyocvae's General Store.
 16741 | Orc:2    | Noticed Maurice
 16750 | Orc:2    | Killed Maurice
 16865 | Orc:2    | Found Xeimiuf's Antique Armour Emporium.
 16879 | Orc:2    | Found Ywirr's Book Emporium.
 16887 | Orc:2    | Bought a book of the Wilderness for 532 gold pieces
 16893 | Orc:2    | Learned a level 5 spell: Summon Mana Viper
 16903 | Orc:2    | Found Ujesofri's Antique Weapon Shoppe.
 17267 | D:11     | Reached XP level 13. HP: 76/101 MP: 18/26
 17640 | D:11     | Found a staircase to the Lair.
 17741 | D:11     | Noticed Lodul
 17745 | D:11     | Killed Lodul
 18279 | D:11     | Noticed Psyche
 18281 | D:11     | Killed Psyche
 18489 | Lair:1   | Entered Level 1 of the Lair of Beasts
 18537 | Lair:1   | Reached skill level 10 in Spellcasting
 19998 | Lair:2   | Reached skill level 10 in Fighting
 19998 | Lair:2   | Reached skill level 10 in Dodging
 20251 | Lair:2   | Identified the +7 whip of Disorder {protect, rCorr Dex+3
                  | SInv Stlth-}
 21354 | Lair:2   | Identified the +8 flail "Spiderbane" {venom, rF+}
 21619 | Lair:3   | Reached skill level 10 in Invocations
 21619 | Lair:3   | Reached XP level 14. HP: 110/110 MP: 17/28
 22333 | Lair:3   | Found a staircase to the Swamp.
 22852 | Lair:3   | Found a staircase to the Snake Pit.
 23953 | Lair:4   | Learned a level 2 spell: Blink
 24590 | Lair:4   | Found a staircase to the Slime Pits.
 24829 | Lair:5   | Entered Level 5 of the Lair of Beasts
 25638 | Lair:5   | Reached skill level 10 in Conjurations
 25968 | Lair:5   | Reached skill level 11 in Fighting
 25971 | Lair:5   | Reached skill level 10 in Short Blades
 25971 | Lair:5   | Reached skill level 10 in Long Blades
 25971 | Lair:5   | Reached skill level 10 in Axes
 25971 | Lair:5   | Reached skill level 10 in Polearms
 25971 | Lair:5   | Reached skill level 10 in Staves
 25971 | Lair:5   | Reached skill level 10 in Ranged Weapons
 25971 | Lair:5   | Reached skill level 10 in Throwing
 25971 | Lair:5   | Reached skill level 10 in Armour
 25971 | Lair:5   | Reached skill level 10 in Stealth
 25971 | Lair:5   | Reached skill level 10 in Shields
 25971 | Lair:5   | Reached skill level 10 in Unarmed Combat
 25971 | Lair:5   | Reached skill level 10 in Evocations
 26217 | Lair:5   | Reached XP level 15. HP: 117/118 MP: 2/30
 27700 | Orc:2    | Bought a Grand Grimoire for 476 gold pieces
 27752 | D:10     | Learned a level 5 spell: Summon Forest
 28472 | D:12     | Noticed Urug
 28476 | D:12     | Killed Urug
 29800 | D:13     | Found a gate to the Vaults.
 30823 | D:14     | Learned a level 6 spell: Summon Cactus Giant
 31531 | D:14     | Identified the +4 ring mail of Zaxan {rElec Will- Int+6}
 31770 | D:15     | Entered Level 15 of the Dungeon
 31892 | D:15     | Found a gate leading to a gauntlet.
 31975 | Gauntlet | Entered a Gauntlet
 31975 | Gauntlet | Found a transporter.
 31975 | Gauntlet | Found a transporter.
 31994 | Gauntlet | Found a transporter.
 31997 | Gauntlet | Found a transporter.
 32005 | Gauntlet | Found a transporter.
 32009 | Gauntlet | Found a transporter.
 32020 | Gauntlet | Found a transporter.
 32033 | Gauntlet | Found a transporter.
 32050 | Gauntlet | Found a transporter.
 32051 | Gauntlet | Found a transporter.
 32052 | Gauntlet | Found a runed translucent door.
 32062 | Gauntlet | Found a transporter.
 32063 | Gauntlet | Found a transporter.
 32121 | Gauntlet | Identified the ring "Zal Nohy" {Fire rPois}
 32373 | Gauntlet | Identified the +2 pair of boots of Liberty {Harm rPois rF+}
 32613 | Gauntlet | Got the Almanac of the Voltaic Compass
 33013 | D:15     | Reached XP level 16. HP: 116/127 MP: 0/32
 33749 | D:15     | Reached skill level 12 in Fighting
 33851 | D:15     | Found a staircase to the Depths.
 34203 | Elf:1    | Entered Level 1 of the Elven Halls
 34382 | Elf:1    | Noticed Kirke
 34391 | Elf:1    | Killed Kirke
 34663 | Elf:1    | Found Kouteim's Assorted Antiques.
 35439 | Elf:1    | Got Ichasan's Verses on Malevolent Rites
 35447 | Elf:1    | Learned a level 5 spell: Borgnjor's Vile Clutch
 36849 | Snake:1  | Entered Level 1 of the Snake Pit
 36885 | Snake:1  | Reached XP level 17. HP: 105/135 MP: 8/33
 37089 | Snake:1  | Noticed Agnes
 37095 | Snake:1  | Killed Agnes
 37377 | Snake:1  | Reached skill level 10 in Hexes
 37377 | Snake:1  | Reached skill level 10 in Summonings
 37377 | Snake:1  | Reached skill level 10 in Necromancy
 37377 | Snake:1  | Reached skill level 10 in Translocations
 37377 | Snake:1  | Reached skill level 10 in Transmutations
 37377 | Snake:1  | Reached skill level 10 in Fire Magic
 37377 | Snake:1  | Reached skill level 10 in Ice Magic
 37377 | Snake:1  | Reached skill level 10 in Air Magic
 37377 | Snake:1  | Reached skill level 10 in Earth Magic
 37377 | Snake:1  | Reached skill level 10 in Poison Magic
 37805 | Snake:1  | Found Kurafude's Jewellery Shop.
 37820 | Snake:1  | Bought a ring of wizardry for 510 gold pieces
 37820 | Snake:1  | Bought the ring "Tanurafo" {rPois rN+ Int+2} for 601 gold
                  | pieces
 38574 | Snake:1  | Learned a level 7 spell: Malign Gateway
 40451 | Snake:3  | Reached skill level 13 in Fighting
 42672 | Snake:4  | Entered Level 4 of the Snake Pit
 43561 | Snake:4  | Found Ommirase's Tiny Tomes.
 43571 | Snake:4  | Reached XP level 18. HP: 143/143 MP: 10/35
 43754 | Snake:4  | Bought the Enchiridion on Blasting for 168 gold pieces
 43754 | Snake:4  | Bought the Encyclopedia of Minerals for 196 gold pieces
 43757 | Snake:4  | Bought the Anthology of Configuration for 224 gold pieces
 44732 | Snake:4  | Got a serpentine rune of Zot
 45019 | Swamp:1  | Entered Level 1 of the Swamp
 45506 | Swamp:1  | Identified the ring of Equorph {rC+ Will+ Str+3}
 45712 | Swamp:1  | Noticed Frances
 45723 | Swamp:1  | Killed Frances
 46042 | Swamp:1  | Identified the +3 whip of Ojeco {heavy, rPois Will+}
 48131 | Swamp:3  | Learned a level 7 spell: Haunt
 48533 | Swamp:4  | Entered Level 4 of the Swamp
 49095 | Swamp:4  | Identified a scroll of acquirement
 49097 | Swamp:4  | Acquired the scarf "Ithunati" {rC+ rF+, rCorr}
 49541 | Swamp:4  | Reached XP level 19. HP: 151/151 MP: 13/37
 49887 | Swamp:4  | Reached skill level 14 in Fighting
 50406 | Swamp:4  | Got a decaying rune of Zot
 51848 | Elf:2    | Paralysed by an air elemental for 1 turns
 51852 | Elf:2    | Paralysed by an air elemental for 1 turns
 51899 | Elf:2    | Found a runed translucent gate.
 51899 | Elf:2    | Found a runed translucent gate.
 51899 | Elf:2    | Found a runed translucent gate.
 52232 | Elf:2    | Found a shimmering blue altar of Sif Muna.
 52430 | Elf:3    | Entered Level 3 of the Elven Halls
 53994 | Elf:3    | Reached skill level 15 in Maces & Flails
 54159 | Elf:3    | Identified the +7 trident of Capital Punishment {heavy,
                  | rF+}
 55011 | Elf:3    | Reached skill level 15 in Invocations
 55463 | Elf:3    | Identified the ring "Bugikhlear" {rElec rF+ EV+5 Str+5
                  | Dex-5}
 55575 | Elf:3    | Identified the +8 mace of Evolution {venom, *Rage rC- Str+6
                  | Int+9}
 55644 | Elf:3    | Reached XP level 20. HP: 148/160 MP: 26/38
 55965 | Elf:3    | Got Dapunin's Elucidation of Ozone
 55975 | Elf:3    | Identified the ring of Eclibo {Str-3 Int+3 Slay+4}
 56085 | Elf:3    | Identified the staff of fire "Haskoure" {Drain rF+ Int+5}
 56183 | Elf:3    | Acquired the +0 pair of gloves "Wojeus" {Will+}
 56230 | Elf:3    | Learned a level 7 spell: Storm Form
 56587 | Vaults:1 | Entered Level 1 of the Vaults
 56662 | Vaults:1 | Found a portal to a secret trove of treasure.
 56898 | Vaults:1 | Found a magical portal.
 56907 | WizLab   | Entered The Roulette of Golubria
 56907 | WizLab   | Found a transporter.
 57662 | Vaults:1 | Reached skill level 15 in Fighting
 57998 | Vaults:1 | Reached skill level 15 in Spellcasting
 58233 | Vaults:1 | Found a huge runed gate.
 58233 | Vaults:1 | Found a huge runed gate.
 58233 | Vaults:1 | Found a huge runed gate.
 58233 | Vaults:1 | Found a huge runed gate.
 58233 | Vaults:1 | Found a huge runed gate.
 58233 | Vaults:1 | Found a huge runed gate.
 58234 | Vaults:1 | Found a huge runed gate.
 58234 | Vaults:1 | Found a huge runed gate.
 58234 | Vaults:1 | Found a huge runed gate.
 58234 | Vaults:1 | Found a huge runed gate.
 58234 | Vaults:1 | Found a huge runed gate.
 58625 | Vaults:1 | Found a huge runed gate.
 58626 | Vaults:1 | Found a huge runed gate.
 58627 | Vaults:1 | Found a huge runed gate.
 58628 | Vaults:1 | Found a huge runed gate.
 58629 | Vaults:1 | Found a huge runed gate.
 58637 | Vaults:1 | Found a huge runed gate.
 58637 | Vaults:1 | Found a huge runed gate.
 58637 | Vaults:1 | Found a huge runed gate.
 58637 | Vaults:1 | Found a huge runed gate.
 58637 | Vaults:1 | Found a huge runed gate.
 58637 | Vaults:1 | Found a huge runed gate.
 58638 | Vaults:1 | Found a huge runed gate.
 58639 | Vaults:1 | Found a huge runed gate.
 58640 | Vaults:1 | Found a huge runed gate.
 58648 | Vaults:1 | Found a huge runed gate.
 58648 | Vaults:1 | Found a huge runed gate.
 58648 | Vaults:1 | Found a huge runed gate.
 58648 | Vaults:1 | Found a huge runed gate.
 58648 | Vaults:1 | Found a huge runed gate.
 58648 | Vaults:1 | Found a huge runed gate.
 58649 | Vaults:1 | Found a huge runed gate.
 58650 | Vaults:1 | Found a huge runed gate.
 58651 | Vaults:1 | Found a huge runed gate.
 58660 | Vaults:1 | Found a huge runed gate.
 58660 | Vaults:1 | Found a huge runed gate.
 59212 | Vaults:2 | Reached skill level 15 in Dodging
 60122 | Vaults:2 | Reached skill level 15 in Polearms
 60128 | Vaults:2 | Reached skill level 15 in Stealth
 60355 | Vaults:2 | Identified the +2 sling "Hanyav" {flame, Str-3 Int+5 Dex+3}
 61077 | Vaults:2 | Reached XP level 21. HP: 170/170 MP: 29/40
 61305 | Vaults:3 | Noticed Aizul
 61318 | Vaults:3 | Killed Aizul
 61480 | Vaults:3 | Found Imirug's Book Shoppe.
 61495 | Vaults:3 | Reached skill level 16 in Fighting
 62505 | Vaults:3 | Found a staircase to the Crypt.
 62606 | Vaults:3 | Found Veomm's Magic Scroll Shoppe.
 62617 | Vaults:3 | Noticed Margery
 62629 | Vaults:3 | Killed Margery
 62785 | Vaults:3 | Found Dazogin's Antique Armour Boutique.
 62794 | Vaults:3 | Bought a pair of runed boots for 270 gold pieces
 62982 | Vaults:3 | Found Qogubb's Distillery.
 62990 | Vaults:3 | Bought a potion of heal wounds for 80 gold pieces
 63030 | Vaults:3 | Noticed Frederick
 63037 | Vaults:3 | Killed Frederick
 63952 | Vaults:4 | Reached skill level 15 in Short Blades
 63952 | Vaults:4 | Reached skill level 15 in Long Blades
 63952 | Vaults:4 | Reached skill level 15 in Axes
 63952 | Vaults:4 | Reached skill level 15 in Staves
 63952 | Vaults:4 | Reached skill level 15 in Ranged Weapons
 63952 | Vaults:4 | Reached skill level 15 in Throwing
 63952 | Vaults:4 | Reached skill level 15 in Armour
 63952 | Vaults:4 | Reached skill level 15 in Shields
 63952 | Vaults:4 | Reached skill level 15 in Unarmed Combat
 63952 | Vaults:4 | Reached skill level 15 in Evocations
 65612 | Vaults:4 | Reached skill level 17 in Fighting
 65913 | Vaults:4 | Reached XP level 22. HP: 137/181 MP: 27/42
 66072 | Vaults:4 | Reached skill level 15 in Conjurations
 67106 | Vaults:4 | Identified the staff of cold "Raest" {rElec rC+ rN++ Str-3
                  | SInv}
 67207 | Vaults:4 | Learned a level 6 spell: Statue Form
 67573 | Depths:1 | Entered Level 1 of the Depths
 67686 | Depths:1 | You are sucked into a shaft and drop 1 floor!
 68002 | Depths:2 | Found a runed translucent gate.
 68002 | Depths:2 | Found a runed translucent gate.
 68002 | Depths:2 | Found a runed translucent gate.
 68076 | Depths:2 | Identified the +3 war axe of Honour {speed, Stlth+}
 68078 | Depths:2 | Noticed Futuid's ghost (veteran MfSu)
 68746 | Depths:1 | Found a gateway to Hell.
 69597 | Depths:1 | Found an ancient bone altar of Kikubaaqudgha.
 70502 | Depths:2 | Identified the +0 buckler of the Earth {Will+}
 70806 | Depths:2 | Found a one-way gate leading to the halls of Pandemonium.
 70926 | Depths:2 | Noticed Bai Suzhen
 70933 | Depths:2 | Identified the ring "Dyotukh" {Ice Will+}
 70933 | Depths:2 | Noticed Josephina
 70940 | Depths:2 | Killed Bai Suzhen
 70951 | Depths:2 | Killed Josephina
 71161 | Depths:2 | Found a shadowy altar of Dithmenos.
 71392 | Depths:3 | Noticed Vv
 71685 | Depths:3 | Killed Vv
 72077 | Depths:3 | Identified the +3 flail of the Dripping Gods {heavy, rElec
                  | rF++ rN+ Stlth-}
 72345 | Depths:3 | Acquired 961 gold pieces
 72347 | Depths:3 | Acquired 603 gold pieces
 72362 | Depths:3 | Reached skill level 18 in Fighting
 73748 | Depths:3 | Identified the +7 morningstar "Wohoa" {freeze, Fly Dex+3}
 73887 | Depths:3 | Reached XP level 23. HP: 190/190 MP: 31/43
 74553 | Depths:3 | Noticed Louise
 74563 | Depths:3 | Killed Louise
 76992 | Depths:3 | Identified the +4 sling "Mushromil" {elec, rN+}
 77099 | Depths:3 | Found a one-way gate to the infinite horrors of the Abyss.
 77479 | Depths:4 | Entered Level 4 of the Depths
 78134 | Depths:4 | Found a broken altar of Ashenzari.
 78307 | Depths:4 | Noticed a golden dragon
 79398 | Depths:4 | Found a one-way gateway to a ziggurat.
 79467 | Depths:4 | Found a gate to the Realm of Zot.
 79659 | Depths:4 | Killed a golden dragon
 80869 | Slime:1  | Entered Level 1 of the Pits of Slime
 80911 | Slime:1  | Reached skill level 19 in Fighting
 81252 | Slime:4  | Gained mutation: You are clumsy. (Dex -2) [a shining eye]
 81483 | Slime:5  | Entered Level 5 of the Pits of Slime
 82165 | Slime:5  | Reached XP level 24. HP: 201/201 MP: 1/44
 82422 | Slime:5  | Noticed the Royal Jelly
 82575 | Slime:5  | Gained mutation: You are weak. (Str -2) [a shining eye]
 84064 | Slime:5  | Killed the Royal Jelly
 84359 | Slime:5  | Got the Discursus on Evolution
 84372 | Slime:5  | Learned a level 1 spell: Apportation
 84375 | Slime:5  | Identified the staff of conjuration "Ilulogasat" {rElec
                  | rPois rCorr MP-9}
 84377 | Slime:5  | Got a slimy rune of Zot
 84381 | Slime:5  | Identified the staff of air "Xuotil" {Fly rElec rPois
                  | Will+}
 84409 | Slime:5  | Got the Handbook of Correspondence
 85061 | Zot:1    | Entered Level 1 of the Realm of Zot
 85438 | Zot:2    | Learned a level 5 spell: Irradiate
 85618 | Zot:5    | Entered Level 5 of the Realm of Zot
 85734 | Zot:5    | Noticed a curse toe
 86014 | Zot:5    | Killed a curse toe
 86015 | Zot:5    | Reached skill level 20 in Fighting
 86366 | Zot:5    | Noticed an orb of fire
 86369 | Zot:5    | Killed an orb of fire
 86369 | Zot:5    | Noticed an orb of fire
 86369 | Zot:5    | Noticed an orb of fire
 86371 | Zot:5    | Gained mutation: Your magical capacity is low. (-10% MP)
                  | [an orb of fire]
 86379 | Zot:5    | Noticed an orb of fire
 86381 | Zot:5    | Gained mutation: You occasionally lose the ability to drink
                  | potions when taking damage. [an orb of fire]
 86384 | Zot:5    | Noticed a Killer Klown
 86387 | Zot:5    | Killed an orb of fire
 86389 | Zot:5    | Gained mutation: Your system is resistant to poisons.
                  | (rPois) [an orb of fire]
 86389 | Zot:5    | Gained mutation: You are dopey. (Int -2) [an orb of fire]
 86391 | Zot:5    | Killed an orb of fire
 86391 | Zot:5    | Killed a Killer Klown
 86392 | Zot:5    | Reached XP level 25. HP: 116/212 MP: 34/40
 86396 | Zot:5    | Killed an orb of fire
 86399 | Zot:5    | Killed an orb of fire
 86604 | Zot:5    | Noticed an ancient lich
 86613 | Zot:5    | Killed an ancient lich
 86614 | Zot:5    | Noticed a dread lich
 86617 | Zot:5    | Noticed a dread lich
 86623 | Zot:5    | Noticed an ancient lich
 86632 | Zot:5    | Killed a dread lich
 86642 | Zot:5    | Killed a dread lich
 86642 | Zot:5    | Killed an ancient lich
 86795 | Zot:5    | Noticed an ancient lich
 86804 | Zot:5    | Noticed a dread lich
 86815 | Zot:5    | Killed an ancient lich
 86817 | Zot:5    | Killed a dread lich
 87098 | Zot:5    | Noticed an ancient lich
 87100 | Zot:5    | Noticed a Killer Klown
 87102 | Zot:5    | Noticed a Killer Klown
 87126 | Zot:5    | Killed an ancient lich
 87136 | Zot:5    | Killed a Killer Klown
 87261 | Zot:5    | Killed a Killer Klown
 87291 | Zot:5    | Noticed an ancient lich
 87306 | Zot:5    | Killed an ancient lich
 87307 | Zot:5    | Reached skill level 15 in Hexes
 87307 | Zot:5    | Reached skill level 15 in Summonings
 87307 | Zot:5    | Reached skill level 15 in Necromancy
 87307 | Zot:5    | Reached skill level 15 in Translocations
 87307 | Zot:5    | Reached skill level 15 in Transmutations
 87307 | Zot:5    | Reached skill level 15 in Fire Magic
 87307 | Zot:5    | Reached skill level 15 in Ice Magic
 87307 | Zot:5    | Reached skill level 15 in Air Magic
 87307 | Zot:5    | Reached skill level 15 in Earth Magic
 87307 | Zot:5    | Reached skill level 15 in Poison Magic
 87840 | Zot:5    | Noticed an ancient lich
 87846 | Zot:5    | Killed an ancient lich
 87847 | Zot:5    | Reached skill level 21 in Fighting
 87870 | Zot:5    | Lost mutation: You are clumsy. (Dex -2) [potion of
                  | mutation]
 87870 | Zot:5    | Lost mutation: You are dopey. (Int -2) [potion of mutation]
 87870 | Zot:5    | Lost mutation: You occasionally lose the ability to drink
                  | potions when taking damage. [potion of mutation]
 87870 | Zot:5    | Gained mutation: You are vulnerable to cold. (rC-) [potion
                  | of mutation]
 87870 | Zot:5    | Gained mutation: You are partially covered in large bone
                  | plates. (SH +4) [potion of mutation]
 87871 | Zot:5    | Lost mutation: You are vulnerable to cold. (rC-) [potion of
                  | mutation]
 87871 | Zot:5    | Lost mutation: Your system is resistant to poisons. (rPois)
                  | [potion of mutation]
 87871 | Zot:5    | Lost mutation: You are weak. (Str -2) [potion of mutation]
 87871 | Zot:5    | Gained mutation: You are partially covered in iridescent
                  | scales. (AC +2) [potion of mutation]
 87871 | Zot:5    | Lost mutation: Your magical capacity is low. (-10% MP)
                  | [potion of mutation]
 87871 | Zot:5    | Gained mutation: You have hidden genetic potential. [potion
                  | of mutation]
 88123 | Zot:5    | Learned a level 2 spell: Passwall
 88377 | Zot:5    | Got the Orb of Zot
 88458 | Zot:5    | Noticed Roptauxzey the pandemonium lord
 88536 | Zot:4    | Noticed a seraph
 88713 | Depths:1 | Noticed a seraph
 88713 | Depths:1 | Identified the +5 tower shield of Lethargy {*Corrode Fly
                  | Regen+ Stlth+}
 88832 | D:12     | Noticed Vynexzi the pandemonium lord
 89070 | D:$      | Escaped with the Orb!

Illustrated notes

Levels and vault maps discovered:
D:1:      lightli_arrival_statue_moat, layout_loops_ring
D:2:      layout_rooms, hellmonk_ecumenical_altar_watching_god, basic_altar,
          palyth_stone_intersect, uniq_robin
D:3:      layout_basic, serial_rivers, chequers_serial_rivers_micro_b,
          chequers_serial_rivers_room_b, chequers_serial_rivers_room_a,
          chequers_serial_rivers_micro_e, nrook_mini_vaults
D:4:      layout_cave_pools, chequers_serial_rivers_large_b
D:5:      layout_basic, serial_shops, nicolae_shop_back_alley_shop, shop_statue,
          kennysheep_mini, nicolae_shop_tiny_glass
D:6:      layout_basic, serial_undead, serial_undead_b, serial_undead_b,
          serial_undead_d, serial_undead_e, serial_undead_f, serial_undead_d,
          serial_undead_a, serial_undead_c, nrook_mini_backslash,
          uniq_blork_the_orc
D:7:      layout_cave_pods, trog_butcher_becter, temple_hall, uniq_joseph
D:8:      layout_rooms
D:9:      layout_loops_cross, uniq_gastronok
D:10:     layout_basic, david_orc_4, serial_ice, serial_ice_b, serial_ice_d,
          serial_ice_n, serial_ice_e
D:11:     layout_rooms, grunt_lair_entry_orc_guard_hut, minmay_misc_feat_room,
          uniq_psyche, uniq_lodul
D:12:     layout_basic, dreamdust_princess_corridor, uniq_urug
D:13:     layout_basic, david_vaults_1, hangedman_decor_lopped,
          minmay_misc_feat_columns, kennysheep_generic_room_12
D:14:     layout_roguey
D:15:     gammafunk_enter_depths_forms, layout_long_grid,
          gauntlet_entry_generic, chequers_serial_rivers_micro_e
Lair:1:   layout_hall_layers, grunt_megastairs_1
Lair:2:   dreamdust_isle_of_ice, layout_cellular_growth
Lair:3:   layout_cellular_growth, skrybe_swamp_entry_bodies,
          nicolae_snake_entry_warm_welcome, infiniplex_staircase_pool_2
Lair:4:   cheibrodos_magma_flow, layout_gridlike,
          minmay_slime_entry_oklob_enclosed, fungi_pond_lemuel,
          lemuel_fruit_fields
Lair:5:   minmay_lair_end_enchanted_forest, layout_cellular_growth,
          chequers_serial_rivers_micro_e, ldierk_geyser, disabler_island,
          grunt_megastairs_4, serial_bayou_shore_b
Swamp:1:  layout_falls_marsh, hangedman_swamp_ruin_wall, uniq_frances
Swamp:2:  layout_basic_swamp, evilmike_swamp_ruin_wall,
          infiniplex_staircase_pool
Swamp:3:  layout_falls_marsh, nicolae_swamp_well_well_well, swamp_pool1
Swamp:4:  swamp, layout_basic_swamp, swamp_pool1, nicolae_swamp_oxbows
Snake:1:  nicolae_snake_unarmed_stairs_patrol, layout_basic, serial_shops,
          nicolae_shop_hallway_stairs, uniq_agnes
Snake:2:  layout_concentric_octagons
Snake:3:  layout_chambers, grunt_megastairs_5
Snake:4:  grunt_snake_rune_pools, layout_onion,
          nicolae_shop_i_like_small_books_too, grunt_ministairs_7
Slime:1:  layout_caves
Slime:2:  layout_caves
Slime:3:  layout_caves
Slime:4:  layout_caves
Slime:5
Orc:1:    nicolae_orc_accident_3, layout_caves, special_room [special_room_orc],
          basic_altar
Orc:2:    grunt_orc_cross, layout_caves, serial_shops, shop, uniq_maurice
Elf:1:    eino_elf_arrival_shootout, layout_loops_ring, serial_shops,
          nicolae_shop_dealshenge, serial_co_window_serial, co_window_corner_a,
          co_window_of_opportunity_a, co_window_paths_b, co_window_paths_a,
          co_window_paths_b, co_window_of_opportunity_b,
          co_window_unsneaky_path_d, co_window_corner_b, co_window_corner_cb,
          glass_columns_b, minmay_elf_necromancy, uniq_kirke
Elf:2:    nicolae_elf_blades_splatter_lattice
          [nicolae_blade_entry_hurt_lockers], layout_loops_cross,
          lemuel_statue_altar
Elf:3:    minmay_elf_hall_hex, layout_loops_corners, guppyfry_elf_garden
Vaults:1: mu_enter_wizlab_3, nicolae_vaults_mini_display_case,
          vaults_room_stairs_pillars, nicolae_vaults_windows_and_doors_thing,
          vaults_room_pool, v_misc_13, nicolae_vaults_little_squares_2,
          hangedman_vaults_nails, door_vault, vaults_dpeg_encased_lava,
          vaults_dpeg_ring, ontoclasm_vaults_decontamination,
          layout_vaults_omnigrid, enter_trove_5
Vaults:2: vaults_room_ringed_pool, hangedman_vaults_capsules,
          vaults_room_door_hall, nicolae_vaults_network_periphery,
          hangedman_vaults_pinch, vaults_mumra_lcd, grunt_vaults_diagonal,
          ontoclasm_vaults_shout, serial_ice_m, nicolae_vaults_network_s,
          hangedman_vaults_stagger, vaults_mumra_chevron,
          layout_vaults_maze_bifur
Vaults:3: nicolae_vaults_circle_grid_a, v_misc_4, v_misc_2, grunt_vaults_funnel,
          minmay_crypt_entry_simple_corners, vaults_room_stairs_pillars,
          v_rooms_1, v_misc_24, st_lines, vaults_mumra_hexcomb,
          ontoclasm_vaults_fault, layout_vaults_ring, serial_shops,
          nicolae_shop_rolling_square, nicolae_shop_tiny_glass, shop,
          nicolae_shop_overgrown_old_shop, uniq_aizul, uniq_margery,
          uniq_frederick
Vaults:4: st_greater_box_1, v_misc_5, vaults_standard_mumra_x, serial_ice_h,
          nicolae_vaults_little_squares_5, layout_vaults_big_room
Depths:1: layout_cave_pools, hell_entry, grunt_ministairs_8,
          chequers_serial_rivers_micro_c, kennysheep_vampire_church
Depths:2: regret_index_uskayaw_diablada_macabre, layout_gridville,
          grunt_hell_entry_dis_mu, grunt_pan_entry_in_and_out,
          gammafunk_ghost_tricky_traps, grunt_dithmenos_smoke_and_mirrors,
          uniq_josephina, uniq_bai_suzhen
Depths:3: cheibrodos_tormentor_scu, layout_honeycomb, hangedman_coc_ice_floe,
          nicolae_abyss_entry_one_way_or_another, nicolae_figureground_sparkle,
          rand_demon_pan_entry_9, kennysheep_generic_room_2, uniq_vv
Depths:4: grunt_crosshair, layout_basic, enter_ziggurat_d, hell_entry,
          rand_demon_pan_entry_7, nicolae_ashenzari_skybound,
          serial_bayou_shore_a
Zot:1:    layout_twisted_circle
Zot:2:    layout_onion_interference, st_stairs_9
Zot:3:    layout_gridlike
Zot:4:    kennysheep_room_grid, layout_misc_corridors
Zot:5:    layout_basic

Skill      XL: |  1  2  3  4  5  6  7  8  9 10 11 12 13 14 15 16 17 18 19 20 21 22 23 24 25 |
---------------+----------------------------------------------------------------------------+-----
Spellcasting   | 5 6 7 8 9 10 11 12 13 14 15 16 17 18 | 18.5
Invocations    | 1 2 3 4 5 6 7 8 10 11 12 13 14 15 16 17 18 19 | 19.3
Short Blades   | 1 2 3 5 6 7 8 9 10 11 12 13 14 15 16 17 | 17.9
Long Blades    | 1 2 3 5 6 7 8 9 10 11 12 13 14 15 16 17 | 17.9
Axes           | 1 2 3 5 6 7 8 9 10 11 12 13 14 15 16 17 | 17.9
Polearms       | 1 2 3 5 6 7 8 9 10 11 12 13 15 16 17 18 19 20 | 20.9
Staves         | 1 2 3 5 6 7 8 9 10 11 12 13 14 15 16 17 | 17.9
Ranged Weapons | 1 2 3 5 6 7 8 9 10 11 12 13 14 15 16 17 | 17.9
Throwing       | 1 2 3 5 6 7 8 9 10 11 12 13 14 15 16 17 | 17.9
Armour         | 1 2 3 5 6 7 8 9 10 11 12 13 14 15 16 17 | 17.9
Stealth        | 1 2 3 5 6 7 8 9 10 11 12 13 15 16 17 18 19 20 | 20.9
Shields        | 1 2 3 5 6 7 8 9 10 11 12 13 14 15 16 17 | 17.9
Unarmed Combat | 1 2 3 5 6 7 8 9 10 11 12 13 14 15 16 17 | 17.9
Evocations     | 1 2 3 5 6 7 8 9 10 11 12 13 14 15 16 17 | 17.9
Hexes          | 1 2 3 4 5 6 7 8 9 10 11 12 13 14 15 | 15.2
Summonings     | 1 2 3 4 5 6 7 8 9 10 11 12 13 14 15 | 15.2
Necromancy     | 1 2 3 4 5 6 7 8 9 10 11 12 13 14 15 | 15.2
Translocations | 1 2 3 4 5 6 7 8 9 10 11 12 13 14 15 | 15.2
Transmutations | 1 2 3 4 5 6 7 8 9 10 11 12 13 14 15 | 15.2
Fire Magic     | 1 2 3 4 5 6 7 8 9 10 11 12 13 14 15 | 15.2
Ice Magic      | 1 2 3 4 5 6 7 8 9 10 11 12 13 14 15 | 15.2
Air Magic      | 1 2 3 4 5 6 7 8 9 10 11 12 13 14 15 | 15.2
Earth Magic    | 1 2 3 4 5 6 7 8 9 10 11 12 13 14 15 | 15.2
Poison Magic   | 1 2 3 4 5 6 7 8 9 10 11 12 13 14 15 | 15.2
Fighting       | 5 6 7 8 9 10 11 12 13 14 15 17 18 19 20 21 | 21.3
Dodging        | 5 6 7 8 9 10 11 12 13 14 15 16 17 18 | 18.4
Maces & Flails | 7 8 9 10 11 12 13 14 15 16 17 18 | 18.9
Conjurations   | 6 7 8 9 10 11 12 13 14 15 16 17 18 | 18.6

Action                     |  1- 3 |  4- 6 |  7- 9 | 10-12 | 13-15 | 16-18 | 19-21 | 22-24 | 25-27 || total
---------------------------+-------+-------+-------+-------+-------+-------+-------+-------+-------++-------
  Melee: Mace              |    55 |       |       |       |       |       |    35 |     1 |       ||    91
         Bite              |    10 |    13 |    36 |    18 |    32 |    31 |    38 |    55 |    13 ||   246
         Dagger            |    54 |   150 |   263 |   115 |    23 |       |       |       |       ||   605
         Punch             |       |     4 |     9 |     6 |     9 |       |     1 |    14 |       ||    43
         Staff             |       |       |       |    53 |   163 |    77 |       |   291 |    60 ||   644
         Whip              |       |       |       |       |    33 |    72 |   169 |       |       ||   274
         Unarmed           |       |       |       |       |       |       |    33 |   111 |       ||   144
  Throw: Javelin           |       |       |       |       |       |       |       |     5 |     1 ||     6
   Cast: Momentum Strike   |     7 |     6 |     3 |     5 |       |       |       |       |       ||    21
         Stone Arrow       |       |    17 |    84 |    72 |   101 |     7 |       |       |       ||   281
         Frozen Ramparts   |       |       |     2 |    12 |     4 |       |       |       |       ||    18
         Olgreb's Toxic Ra |       |       |       |    95 |   179 |    64 |   102 |   101 |    18 ||   559
         Ignite Poison     |       |       |       |    33 |    56 |    24 |    39 |    37 |     5 ||   194
         Freezing Cloud    |       |       |       |    11 |    34 |    17 |       |       |       ||    62
         Summon Mana Viper |       |       |       |       |    67 |   108 |    75 |    48 |     4 ||   302
         Summon Cactus Gia |       |       |       |       |     9 |    97 |    54 |    44 |     5 ||   209
         Summon Forest     |       |       |       |       |     6 |     1 |       |       |       ||     7
         Borgnjor's Vile C |       |       |       |       |       |   109 |   152 |   169 |    72 ||   502
         Malign Gateway    |       |       |       |       |       |    13 |     8 |     7 |     2 ||    30
         Blink             |       |       |       |       |       |     1 |       |       |       ||     1
         Haunt             |       |       |       |       |       |     9 |    45 |   159 |    42 ||   255
         Storm Form        |       |       |       |       |       |       |     6 |    14 |       ||    20
         Statue Form       |       |       |       |       |       |       |       |    30 |     5 ||    35
         Apportation       |       |       |       |       |       |       |       |     8 |     1 ||     9
         Irradiate         |       |       |       |       |       |       |       |     5 |       ||     5
 Invoke: Stomp             |       |       |       |     1 |       |       |       |       |       ||     1
         Grand Finale      |       |       |       |       |       |       |       |     1 |       ||     1
Ability: Blinkbolt         |       |       |       |       |       |       |     1 |     1 |       ||     2
         End Transformatio |       |       |       |       |       |       |       |     3 |       ||     3
  Evoke: Wand              |       |     1 |     1 |    13 |     6 |    15 |     6 |    22 |     6 ||    70
         Phial of floods   |       |       |       |       |       |       |     1 |     1 |       ||     2
    Use: Scroll            |       |       |       |    15 |    19 |     8 |     4 |    12 |     7 ||    65
         Potion            |       |       |       |     1 |     2 |     5 |     3 |    17 |    21 ||    49
   Stab: Sleeping          |       |     1 |     3 |     6 |       |       |     2 |       |       ||    12
         Paralysed         |       |     2 |     6 |     5 |    17 |    19 |    32 |    64 |     1 ||   146
         Distracted        |       |       |       |     1 |     1 |     2 |     2 |     3 |       ||     9
         Invisible         |       |       |       |     1 |       |       |       |     1 |       ||     2
 Armour: Leather armour    |    27 |    75 |    37 |       |       |       |       |       |       ||   139
         Ring mail         |       |       |   211 |    22 |       |       |       |       |       ||   233
         Robe              |       |       |       |    24 |    78 |    39 |    50 |    30 |    26 ||   247
         Skin              |       |       |       |       |     1 |       |       |   199 |    24 ||   224
  Dodge: Dodged            |    64 |    89 |   345 |   139 |   195 |   189 |   265 |   487 |   118 ||  1891
  Block: Buckler           |       |       |       |       |    45 |    85 |    98 |   128 |    81 ||   437

Table legend: (Time is in decaauts)
 A = Elapsed time spent in this place.
 B = Non-inter-level travel time spent in this place.
 C = Inter-level travel time spent in this place.
 D = Time resting spent in this place.
 E = Time spent auto-exploring this place.
 F = Levels seen in this place.
 G = Mean time per level.
                   A        B        C        D        E       F      G
               +--------+--------+--------+--------+--------+-----+--------+
         Total |  90007 |  83263 |   6744 |  44395 |  22264 |  53 | 1698.2 |
       Dungeon |  22611 |  20091 |   2520 |   8567 |   7803 |  15 | 1507.4 |
          Lair |  10046 |   8937 |   1109 |   4545 |   3037 |   5 | 2009.2 |
         Swamp |   6280 |   5953 |    327 |   3529 |   1381 |   4 | 1570.0 |
     Snake Pit |   8177 |   7866 |    311 |   4281 |   2306 |   4 | 2044.2 |
    Slime Pits |   3892 |   3850 |     42 |   2800 |    163 |   5 |  778.4 |
  Orcish Mines |   4065 |   3673 |    392 |   1971 |    885 |   2 | 2032.5 |
   Elven Halls |   7624 |   7271 |    353 |   4002 |   1799 |   3 | 2541.3 |
        Vaults |  11419 |  10401 |   1018 |   5580 |   2844 |   4 | 2854.8 |
        Depths |  11474 |  10843 |    631 |   6830 |   1944 |   4 | 2868.5 |
           Zot |   3781 |   3743 |     38 |   1936 |      0 |   5 |  756.2 |
        Wizlab |      5 |      5 |      0 |      2 |      0 |   1 |    5.0 |
      Gauntlet |    627 |    627 |      0 |    347 |    100 |   1 |  627.0 |
               +--------+--------+--------+--------+--------+-----+--------+

Top non-repeatable levels by time:
Vaults:4: 3449 daAuts
Depths:3: 3437 daAuts
   Elf:3: 3362 daAuts
Depths:4: 3303 daAuts
 Snake:3: 3060 daAuts
   Zot:5: 3036 daAuts
Depths:2: 2846 daAuts
Vaults:1: 2708 daAuts
Vaults:3: 2703 daAuts
  Lair:5: 2681 daAuts
   Elf:1: 2648 daAuts
Vaults:2: 2557 daAuts
    D:10: 2320 daAuts
 Swamp:3: 2311 daAuts
  Lair:3: 2253 daAuts
